 Dungeon Crawl Stone Soup version 0.31-a0-803-g95b03c3367 (webtiles) character file.

Game seed: 8415660370624531433

305 dohliylev the Grave Robber (level 6, -7/42 HPs)
             Began as a Mummy Necromancer on Sept 20, 2023.
             Mangled by an ogre
             ... wielding a +0 giant club
              (21 damage)
             ... on level 4 of the Dungeon.
             The game lasted 00:16:13 (3215 turns).

dohliylev the Grave Robber (Mummy Necromancer)      Turns: 3215, Time: 00:16:14

Health: -7/42      AC:  6    Str: 12    XL:     6   Next: 15%
Magic:  1/14       EV: 12    Int: 16    God:
Gold:   228        SH:  0    Dex: 12    Spells: 12/16 levels left

rFire   . . .        g - +0 dagger (elec)
rCold   + + .        (no shield)
rNeg    + + +        l - +2 robe {rC+ rF+}
rPois   ∞            (no helmet)
rElec   .            (no cloak)
rCorr   .            d - +1 pair of gloves
SInv    .            (no boots)
Will    .....        (no amulet)
Stlth   ++           (no ring)
HPRegen 0.27/turn    (no ring)
MPRegen 0.14/turn

%: faith
@: no status effects
A: cold resistance 1, negative energy resistance 3, torment resistance 2, heat
vulnerability 1, in touch with death 1, no potions, faith
a: no special abilities


You were on level 4 of the Dungeon.
You visited 1 branch of the dungeon, and saw 4 of its levels.

You collected 228 gold pieces.

Inventory:

Hand Weapons
 g - a +0 dagger of electrocution (weapon)
Armour
 d - a +1 pair of gloves (worn)
 l - a +2 robe of resistance (worn)
Scrolls
 a - a scroll of poison
 b - 2 scrolls of vulnerability
 c - a scroll of silence
 e - a scroll of enchant weapon {unknown}
 f - 2 scrolls of teleportation
 i - a scroll of noise {unknown}
 j - a scroll of fog {unknown}
 k - a scroll of fear {unknown}
 m - a scroll of torment {unknown}


   Skills:
 + Level 0.4 Fighting
 + Level 2.0 Dodging
 + Level 2.0 Stealth
 + Level 5.7 Spellcasting
 + Level 5.7 Necromancy


You had 12 spell levels left.
You knew the following spells:

 Your Spells              Type           Power      Damage    Failure   Level
a - Necrotise             Necr           100%       1d9       1%          1
b - Vampiric Draining     Necr           34%        2d8       4%          3

Your spell library contained the following spells:

 Spells                   Type           Power      Damage    Failure   Level
 Animate Dead             Necr           34%        N/A       14%         4
 Agony                    Necr           34%        N/A       36%         5
 Inner Flame              Hex/Fire       4%         N/A       38%         3
 Yara's Violent Unravell  Hex/Tmut       2%         3d3       98%         5
 Enfeeble                 Hex            2%         N/A       100%        7


Dungeon Overview and Level Annotations

Branches:
Dungeon (4/15)
 Temple: D:4-7

Altars:
Hepliaklqana

Shops:
D:1 [


Innate Abilities, Weirdness & Mutations

You are immune to poison.
Your flesh is cold resistant. (rC+)
You are immune to negative energy. (rN+++)
You are immune to unholy pain and torment.
You are vulnerable to heat. (rF-)
You are in touch with the powers of death.
You do not drink.
You have a special connection with the divine. (Faith)


Message History

Aim: an ogre, wielding a +0 giant club (moderately wounded, chance to affect: 83%)
You feel a surge of power!
The ogre writhes in agony!
The kobold shouts!
Casting: Necrotise (safe; 1% risk of failure)
Confirm with . or Enter, or press ? or * to list all spells.
Aiming: Necrotise (safe; 1% risk of failure)
Press: ? - help, Shift-Dir - straight line, f/p - ogre
Aim: an ogre, wielding a +0 giant club (severely wounded, chance to affect: 83%)
You feel a surge of power!
The ogre writhes in agony.
Casting: Necrotise (safe; 1% risk of failure)
Confirm with . or Enter, or press ? or * to list all spells.
Aiming: Necrotise (safe; 1% risk of failure)
Press: ? - help, Shift-Dir - straight line, f/p - ogre
Aim: an ogre, wielding a +0 giant club (almost dead, chance to affect: 83%)
You feel a surge of power!
The ogre writhes in agony.
The ogre hits you with a +0 giant club!!
Ouch! That really hurt!
* * * LOW HITPOINT WARNING * * *
Casting: Necrotise (safe; 1% risk of failure)
Confirm with . or Enter, or press ? or * to list all spells.
You don't have enough magic to cast this spell.
Unknown command.
Casting: Necrotise (safe; 1% risk of failure)
Confirm with . or Enter, or press ? or * to list all spells.
Aiming: Necrotise (safe; 1% risk of failure)
Press: ? - help, Shift-Dir - straight line, f/p - ogre
Aim: an ogre, wielding a +0 giant club (almost dead, chance to affect: 83%)
You feel a surge of power!
The ogre barely resists.
The ogre attacks as it pursues you! The ogre barely misses you.
The ogre attacks as it pursues you! The ogre closely misses you.
Casting: Necrotise (safe; 1% risk of failure)
Confirm with . or Enter, or press ? or * to list all spells.
Aiming: Necrotise (safe; 1% risk of failure)
Press: ? - help, Shift-Dir - straight line, f/p - ogre
Aim: an ogre, wielding a +0 giant club (almost dead, chance to affect: 83%)
You feel a surge of power!
The ogre writhes in agony.
The ogre attacks as it pursues you!
The ogre hits you with a +0 giant club!!
Ouch! That really hurt!
You die...

##'#### ##'## #.########.#
......# #...###### #.# ######'#
......###........# #Z# #......g
......+..........# #.# #.......
......##.#.......#####.###.......
.....................#.....####+#
.........#.................'... #
.......###........##.#[....######
.........+......@....#..........'
.......###.......O.......########
.......# #...#####.......# #
##+##### ##### #.K.....# ## ##.##
## #.......# ... .... .###
#.......# ... .#.####...#
#......>#####... .#....<##.###
#............... ..............
+...............


You could see an ogre and a kobold.

Vanquished Creatures
  A black bear (D:3)
  Jessica (D:3)
  6 gnolls (D:4)
  4 adders
  A worm (D:2)
  2 dart slugs (D:2)
  An orc (D:3)
  4 ball pythons
  5 bats
  4 endoplasms
  2 giant cockroaches
  10 goblins
  6 hobgoblins
  12 kobolds
  2 quokkas
  2 frilled lizards
  9 rats
  A butterfly (D:1)
73 creatures vanquished.

Vanquished Creatures (collateral kills)
  A gnoll (D:4)
  A ball python (D:4)
  An endoplasm (D:4)
  A giant cockroach (D:3)
  A quokka (D:2)
  3 butterflies (D:1)
8 creatures vanquished.

Grand Total: 81 creatures vanquished

Notes
Turn   | Place    | Note
-------+----------+-------------------------------------------
     0 | D:1      | dohliylev the Mummy Necromancer began the quest for the
                  | Orb.
     0 | D:1      | Reached XP level 1. HP: 13/13 MP: 4/4
   109 | D:1      | Found Ule Otezae's Antique Armour Emporium.
   145 | D:1      | Reached XP level 2. HP: 19/19 MP: 0/5
   715 | D:2      | Reached XP level 3. HP: 24/24 MP: 5/7
   719 | D:2      | Learned a level 3 spell: Vampiric Draining
  1795 | D:3      | Noticed Jessica
  1803 | D:3      | Killed Jessica
  1804 | D:3      | Reached skill level 5 in Necromancy
  1804 | D:3      | Reached XP level 4. HP: 31/31 MP: 5/9
  2078 | D:3      | Found a hazy altar of Hepliaklqana.
  2551 | D:3      | Noticed a black bear
  2583 | D:3      | Killed a black bear
  2584 | D:3      | Reached XP level 5. HP: 33/36 MP: 2/12
  2981 | D:4      | Reached skill level 5 in Spellcasting
  3059 | D:4      | Reached XP level 6. HP: 42/42 MP: 0/14
  3215 | D:4      | Mangled by an ogre

Illustrated notes

Levels and vault maps discovered:
D:1:      ldierk_walled_garden, layout_rooms, serial_shops, shop,
          hangedman_glass_garden
D:2:      layout_loops_corners
D:3:      minmay_door_path, layout_basic, nicolae_hepliaklqana_hippocampus,
          uniq_jessica
D:4:      layout_basic, cheibrodos_sewer_entry_sluice

Skill      XL: |  1  2  3  4  5  6 |
---------------+-------------------+-----
Spellcasting   | 3 4 5 |  5.7
Necromancy     | 5 |  5.7
Stealth        | 2 |  2.0
Dodging        | 2 |  2.0
Fighting       | |  0.4

Action                     |  1- 3 |  4- 6 || total
---------------------------+-------+-------++-------
  Melee: Unarmed           |     4 |       ||     4
         Dagger            |    12 |     6 ||    18
   Cast: Necrotise         |    56 |    69 ||   125
         Vampiric Draining |     1 |     3 ||     4
    Use: Scroll            |       |     4 ||     4
 Armour: Robe              |    15 |    39 ||    54
  Dodge: Dodged            |    18 |    38 ||    56

Table legend: (Time is in decaauts)
 A = Elapsed time spent in this place.
 B = Non-inter-level travel time spent in this place.
 C = Inter-level travel time spent in this place.
 D = Time resting spent in this place.
 E = Time spent auto-exploring this place.
 F = Levels seen in this place.
 G = Mean time per level.
                   A        B        C        D        E       F      G
               +--------+--------+--------+--------+--------+-----+--------+
         Total |   3217 |   3135 |     82 |    313 |   1513 |   4 |  804.2 |
       Dungeon |   3217 |   3135 |     82 |    313 |   1513 |   4 |  804.2 |
               +--------+--------+--------+--------+--------+-----+--------+

Top non-repeatable levels by time:
     D:3: 1158 daAuts
     D:2: 1091 daAuts
     D:1: 676 daAuts
     D:4: 290 daAuts
